 Dungeon Crawl Stone Soup version 0.31.0-32-g396128a36d (webtiles) character file.

Game seed: 12261795373168914589

131 firemarshallily the Grasshopper (level 4, 0/37 HPs)
             Began as an Armataur Warper on Mar 30, 2024.
             Incinerated by a bombardier beetle (5 damage)
             ... with a burning spray
             ... on level 3 of the Dungeon.
             The game lasted 00:05:39 (2172 turns).

firemarshallily the Grasshopper (Armataur Warper)   Turns: 2172, Time: 00:05:39

Health: 0/37       AC:  8    Str: 18    XL:     4   Next: 91%
Magic:  7/7        EV:  8    Int: 20    God:
Gold:   168        SH:  0    Dex:  9    Spells: 5/7 levels left

rFire   . . .        a - +0 mace
rCold   . . .        (no shield)
rNeg    . . .        g - +0 ring mail
rPois   .            (no helmet)
rElec   .            f - +0 cloak
rCorr   .            q - +0 pair of gloves
SInv    +            (no barding)
Will    .....        (no amulet) Stlth
                     i - ring of see invisible
HPRegen 0.26/turn    k - +6 ring of intelligence
MPRegen 0.10/turn

%: roll
@: on fire, glowing
A: large, deformed body, tough skin 3, armoured tail, roll 1
a: no special abilities


You were on level 3 of the Dungeon.
You visited 1 branch of the dungeon, and saw 3 of its levels.

You collected 168 gold pieces.

Inventory:

Hand Weapons
 a - a +0 mace (weapon)
Missiles
 d - 6 darts of dispersal
 o - 2 poisoned darts (quivered)
Armour
 b - a +0 leather armour
 f - a +0 cloak (worn)
 g - a +0 ring mail (worn)
 q - a +0 pair of gloves (worn)
Jewellery
 i - a ring of see invisible (left hand)
 k - a +6 ring of intelligence (right hand)
Scrolls
 c - a scroll of blinking
 h - 2 scrolls of teleportation {unknown}
 j - 2 scrolls of identify {unknown}
 m - a scroll of immolation {unknown}
 p - a scroll of poison {unknown}
Potions
 e - a potion of haste {unknown}
 l - a potion of might {unknown}


   Skills:
 * Level 2.8 Fighting
 * Level 2.7 Maces & Flails
 - Level 0.8 Throwing
 + Level 2.4 Armour
 + Level 1.8 Dodging
 + Level 2.1 Spellcasting
 + Level 3.3 Translocations


You had 5 spell levels left.
You knew the following spells:

 Your Spells              Type           Power      Damage    Failure   Level
a - Blink                 Tloc           30%        N/A       11%         2

Your spell library contained the following spells:

 Spells                   Type           Power      Damage    Failure   Level
 Lesser Beckoning         Tloc           30%        N/A       11%         2
 Teleport Other           Tloc           15%        N/A       21%         3
 Cigotuvi's Dreadful Rot  Necr/Alch/Air  4%         N/A       38%         2
 Manifold Assault         Tloc           15%        N/A       56%         4
 Vhi's Electric Charge    Tloc/Air       16%        N/A       80%         4
 Dispel Undead            Necr           2%         3d7       95%         4
 Martyr's Knell           Necr/Summ      2%         N/A       95%         4
 Death Channel            Necr           1%         N/A       100%        6


Dungeon Overview and Level Annotations

Branches:
Dungeon (3/15)

Altars:
Makhleb

Annotations:
D:3 Ijyb


Innate Abilities, Weirdness & Mutations

Armour fits poorly on your strangely shaped body.
You have extremely tough skin. (AC +3)
You have a long armoured tail.
You regenerate magic when rolling toward enemies. (Rampage MPRegen)


Message History

You closely miss Ijyb.
Ijyb is severely wounded.
Ijyb hits you but does no damage.
You hit Ijyb.
Ijyb is severely wounded.
Ijyb hits you but does no damage.
The bombardier beetle sprays incendiary fluid at you.
The burning spray hits you.
You are covered in liquid fire!
You hit Ijyb.
Your tail-slap misses Ijyb.
Ijyb is severely wounded.
The liquid fire burns you! Ijyb hits you but does no damage.
You hit Ijyb but do no damage.
Ijyb is severely wounded.
The liquid fire burns you!
Ijyb looks more healthy.
Ijyb hits you but does no damage.
Ijyb zaps a wand.
The puff of flame hits you.
* * * LOW HITPOINT WARNING * * *
Unknown command.
You hit Ijyb.
Your tail-slap misses Ijyb.
Ijyb is almost dead.
The liquid fire burns you!
* * * LOW HITPOINT WARNING * * *
Ijyb barely misses you.
The bombardier beetle bites you but does no damage.
You feel better. The liquid fire burns you!
* * * LOW HITPOINT WARNING * * *
Ijyb hits you but does no damage.
The bombardier beetle sprays incendiary fluid at you.
The burning spray misses you.
You barely miss Ijyb.
Ijyb is almost dead.
The liquid fire burns you!
* * * LOW HITPOINT WARNING * * *
Ijyb hits you but does no damage.
You shake off some of the fire as you move.
The liquid fire burns you!
You die...

#.##....###..........
####.##.....##.#####.
#.######..>.# ##
#######.######.#.##
.......).......#.#
.######.########.#
#####........#.#
#.##..............#
#.....B.@......<..#
#.....g####....#..#
#.....( #.......#
#...... #.......#
#...... #.......#
#...... #.......#
#...(.. ##+#....#
#.##+#. #....#


You could see Ijyb and a bombardier beetle.

Vanquished Creatures
  Natasha (twice) (D:3)
  4 adders (D:2)
  2 ribbon worms (D:2)
  An orc (D:3)
  A ball python (D:2)
  6 endoplasms
  A giant cockroach (D:1)
  2 goblins (D:1)
  A hobgoblin (D:2)
  4 jackals
  A quokka (D:1)
  8 bats
  4 frilled lizards
  7 kobolds
  A rat (D:2)
45 creatures vanquished.

Notes
Turn   | Place    | Note
-------+----------+-------------------------------------------
     0 | D:1      | firemarshallily the Armataur Warper began the quest for the
                  | Orb.
     0 | D:1      | Reached XP level 1. HP: 17/17 MP: 3/3
   191 | D:1      | Reached XP level 2. HP: 10/24 MP: 4/4
  1033 | D:2      | Reached XP level 3. HP: 14/29 MP: 5/5
  1098 | D:2      | Learned a level 2 spell: Blink
  1430 | D:2      | Reached XP level 4. HP: 31/37 MP: 7/7
  1946 | D:3      | Noticed Natasha
  1948 | D:3      | Found a burning altar of Makhleb.
  1948 | D:3      | Noticed a blizzard demon
  1962 | D:3      | Killed Natasha
  2006 | D:3      | Noticed Natasha
  2015 | D:3      | Killed Natasha
  2157 | D:3      | Noticed Ijyb
  2172 | D:3      | Incinerated by a bombardier beetle

Illustrated notes

Levels and vault maps discovered:
D:1:      dpeg_arrival_chambers_temple_mockup, layout_basic, minmay_hexomino_p4
D:2:      layout_rooms
D:3:      layout_basic, gammafunk_temple_overflow_pools,
          nicolae_wu_jian_immortal_techniques, makhleb_altar_promises_db,
          shapermc_ecumenical_altar_rom_forum, uniq_jessica, uniq_natasha,
          uniq_ijyb

Skill      XL: |  1  2  3 |
---------------+----------+-----
Fighting       | 2 |  2.8
Maces & Flails | 2 |  2.7
Armour         | 2 |  2.4
Spellcasting   | 2 |  2.1
Throwing       | |  0.8
Dodging        | |  1.8
Translocations | |  3.3

Action                     |  1- 3 |  4- 6 || total
---------------------------+-------+-------++-------
  Melee: Mace              |   150 |    55 ||   205
         Tailslap          |    14 |     4 ||    18
  Throw: Dart              |       |     9 ||     9
    Use: Potion            |     1 |     1 ||     2
 Armour: Ring mail         |   158 |    61 ||   219
  Dodge: Dodged            |   107 |    25 ||   132
